 Dungeon Crawl Stone Soup version 0.24-a0-517-gd52e2fb (webtiles) character file.

Game seed: 15528506094242563640

75 Deaus the Gusty (level 4, -6/24 HPs)
             Began as a Tengu Air Elementalist on July 23, 2019.
             Killed by divine providence
             ... invoked by an orc priest
              (14 damage)
             ... on level 3 of the Dungeon.
             The game lasted 00:03:15 (1702 turns).

Deaus the Gusty (Tengu Air Elementalist)            Turns: 1702, Time: 00:03:16

Health: -6/24      AC:  2    Str:  8    XL:     4   Next: 31%
Magic:  3/8        EV: 13    Int: 16    God:
Gold:   44         SH:  0    Dex: 15    Spells: 3/7 levels left

rFire    + . .     SeeInvis .   f - +0 club
rCold    . . .     Gourm    .   (no shield)
rNeg     . . .     Faith    .   a - +0 robe
rPois    .         Spirit   .   (helmet restricted)
rElec    .         Reflect  .   (no cloak)
rCorr    .         Harm     .   (no gloves)
MR       .....                  (boots unavailable)
Stlth    ++........             (no amulet)
HPRegen  0.08/turn              g - ring of protection from fire
MPRegen  0.11/turn              (no ring)

@: no status effects
A: beak, talons 3
a: no special abilities


You were on level 3 of the Dungeon.
You were not hungry.

You visited 1 branch of the dungeon, and saw 3 of its levels.

You collected 44 gold pieces.

Inventory:

Hand Weapons
 f - a +0 club (weapon)
Armour
 a - a +0 robe (worn)
Jewellery
 g - a ring of protection from fire (left hand)
Scrolls
 b - a scroll of fear {unknown}
 d - 3 scrolls of teleportation {unknown}
 h - a scroll of enchant weapon {unknown}
 i - a scroll of identify {unknown}
 j - a scroll of remove curse {unknown}
 m - a scroll of amnesia {unknown}
 n - a scroll of fog {unknown}
 p - a scroll of blinking {unknown}
Potions
 e - 2 potions of mutation {unknown}
 k - a potion of curing {unknown}
 l - a potion of agility {unknown}
 o - a potion of cancellation {unknown}
Comestibles
 c - 3 rations


   Skills:
 * Level 0.9 Fighting
 * Level 2.6 Dodging
 - Level 2.0 Stealth
 + Level 2.3 Spellcasting
 * Level 2.5 Conjurations
 * Level 5.3 Air Magic


You had 3 spell levels left.
You knew the following spells:

 Your Spells              Type           Power        Failure   Level  Hunger
a - Shock                 Conj/Air       ##..         4%          1    #......
b - Static Discharge      Conj/Air       ##......     12%         3    ###....

Your spell library contained the following spells:

 Spells                   Type           Power        Failure   Level  Hunger
 Swiftness                Chrm/Air       ##......     10%         2    ###....
 Airstrike                Air            ###.......   22%         4    #####..
 Lightning Bolt           Conj/Air       ##........   73%         5    ######.


Dungeon Overview and Level Annotations

Branches:
Dungeon (3/15)

Altars:


Innate Abilities, Weirdness & Mutations

You have a beak for a mouth.
You have claws for feet.


Message History

The zap hits the leopard gecko.
You kill the leopard gecko!
The zap hits the orc.
You kill the orc!
The orc priest looks encouraged for a moment.
You are confused.
You bump into the rock wall.
You bump into the rock wall.
You bump into the rock wall.
You're too confused to move!
A magic dart appears from out of thin air!
The magic dart hits you!
You bump into the rock wall.
You hit something. You claw something.
You feel less confused. Something barely misses you.
The orc priest invokes the aid of Beogh against you.
Beogh smites you!
Ouch! That really hurt!
You die...

####### .......
.......##
........#
........#####
.?.....)o†oo#####
.....o..###.@<..#
....†...#
###........
.......##
#.###.... ......#
..# ... ######
.## . ##


You could see an orc priest and 2 orcs.

Vanquished Creatures
  Natasha (D:2)
  An adder (D:2)
  An ooze (D:1)
  A dart slug (D:1)
  A leopard gecko (D:3)
  An orc (D:3)
  7 bats
  2 giant cockroaches
  4 goblins
  4 hobgoblins (D:1)
  A quokka (D:3)
  3 frilled lizards
  3 kobolds
  5 rats
35 creatures vanquished.

Notes
Turn   | Place    | Note
-------+----------+-------------------------------------------
     0 | D:1      | Deaus the Tengu Air Elementalist began the quest for the
                  | Orb.
     0 | D:1      | Reached XP level 1. HP: 10/10 MP: 4/4
   181 | D:1      | Reached XP level 2. HP: 15/15 MP: 4/6
   732 | D:1      | Reached XP level 3. HP: 20/20 MP: 5/7
  1068 | D:2      | Reached skill level 5 in Air Magic
  1486 | D:2      | Noticed Natasha
  1496 | D:2      | Killed Natasha
  1496 | D:2      | Reached XP level 4. HP: 24/24 MP: 0/8
  1684 | D:3      | Learned a level 3 spell: Static Discharge
  1702 | D:3      | Killed from afar by an orc priest

Levels and vault maps discovered:
D:1:      lordsloth_arrival_two_stooges, layout_basic
D:2:      layout_rooms, first_ration, uniq_natasha
D:3:      layout_rooms, gammafunk_temple_overflow_wave

Skill      XL: |  1  2  3 |
---------------+----------+-----
Air Magic      | 5 |  5.3
Conjurations   | 2 |  2.5
Fighting       | |  0.9
Dodging        | |  2.6
Stealth        | |  2.0
Spellcasting   | |  2.3

Action                   |  1- 3 |  4- 6 || total
-------------------------+-------+-------++-------
Melee: Club              |     5 |     1 ||     6
       Kick              |     1 |     1 ||     2
 Cast: Shock             |    75 |     8 ||    83
  Eat: Chunk             |     3 |     1 ||     4
Armor: Robe              |     4 |       ||     4
Dodge: Dodged            |    15 |     2 ||    17

Table legend:
 A = Non-vault XP
 B = Vault XP
 C = Vault XP percentage of total XP
 D = Non-vault monster count
 E = Vault monster count
 F = Vault count percentage of total count
                 A         B        C        D         E       F
            +---------+---------+-------+---------+---------+-------
      Total |      73 |      35 |  32.4 |      34 |       1 |   2.9
            +---------+---------+-------+---------+---------+-------
        D:1 |      40 |       0 |   0.0 |      22 |       0 |   0.0
        D:2 |      25 |      35 |  58.3 |       9 |       1 |  10.0
        D:3 |       8 |       0 |   0.0 |       3 |       0 |   0.0
            +---------+---------+-------+---------+---------+-------
